 Dungeon Crawl Stone Soup version 0.29-a0-414-g5075937ec3 (webtiles) character file.

Game seed: 16644115383249763584

363 croobank the Covert (level 6, 0/44 HPs)
             Began as an Octopode Delver on May 16, 2022.
             Slain by an ufetubus (2 damage)
             ... on level 5 of the Dungeon.
             The game lasted 00:11:37 (4761 turns).

croobank the Covert (Octopode Delver)               Turns: 4761, Time: 00:11:40

Health: 0/44       AC: -3    Str: 13    XL:     6   Next: 67%
Magic:  4/6        EV: 15    Int: 13    God:
Gold:   279        SH:  0    Dex: 19    Spells: 1/5 levels left

rFire   . . .      SeeInvis .   i - +4 rapier of Instant Death {venom, Dex+6}
rCold   + + .      Faith    .   (no shield)
rNeg    . . .      Spirit   .   (helmet restricted)
rPois   .          Reflect  .   (no amulet)
rElec   .          Harm     .   r - ring of protection from cold
rCorr   .          Rampage  .   t - ring of protection from cold
Will    .....                   (no ring)
Stlth   +++++.....              (no ring)
HPRegen 0.14/turn               (no ring)
MPRegen 0.10/turn               (no ring)
                                (no ring)
                                (no ring)

@: corroded
A: almost no armour, amphibious, 8 rings, camouflage 1, gelatinous body 1,
(nimble swimmer 1), tentacles
a: no special abilities


You were on level 5 of the Dungeon.
You visited 1 branch of the dungeon, and saw 5 of its levels.

You collected 279 gold pieces.

Inventory:

Hand Weapons
 a - a +2 hand axe of freezing
 i - the +4 rapier of Instant Death (weapon) {venom, Dex+6}
   (You found it on level 4 of the Dungeon)

   It poisons the flesh of those it strikes.
   Dex:       It affects your dexterity (+6).
Missiles
 m - 3 boomerangs (quivered)
 n - 167 stones
 o - 5 poisoned darts
Armour
 y - a +0 buckler
Jewellery
 l - a ring of fire
 p - an amulet of faith
 r - a ring of protection from cold (left tentacle)
 t - a ring of protection from cold (right tentacle)
 u - a ring of ice
Wands
 c - a wand of polymorph (4)
 f - a wand of digging (7)
Scrolls
 b - 2 scrolls of fog
 k - a scroll of blinking
 s - 2 scrolls of magic mapping
 w - 3 scrolls of teleportation
Potions
 d - a potion of brilliance
 e - a potion of resistance {unknown}
 g - 2 potions of attraction {unknown}
 h - a potion of heal wounds {unknown}
 j - 3 potions of curing
 q - a potion of mutation {unknown}
 v - a potion of degeneration {unknown}
 z - a potion of cancellation {unknown}
 A - a potion of lignification {unknown}


   Skills:
 + Level 4.4 Fighting
 + Level 3.7 Axes
 + Level 3.8 Dodging
 + Level 8.1 Stealth


You had one spell level left.
You knew the following spells:

 Your Spells              Type           Power      Damage    Failure   Level
a - Mephitic Cloud        Conj/Pois/Air  0%         N/A       67%         3
b - Shock                 Conj/Air       0%         1d3       30%         1

Your spell library contained the following spells:

 Spells                   Type           Power      Damage    Failure   Level
 Ignite Poison            Fire/Tmut/Pois 0%         N/A       67%         3
 Swiftness                Air            0%         N/A       67%         3
 Airstrike                Air            0%         N/A       97%         4
 Freezing Cloud           Conj/Ice/Air   0%         6-21      100%        5


Dungeon Overview and Level Annotations

Branches:
Dungeon (5/15)             Temple (0/1) D:5

Altars:
Xom
Yredelemnul

Annotations:
D:4 3 runed translucent doors, Taurus's ghost, amateur DECj
D:5 Dowan; Duvessa; Eustachio


Innate Abilities, Weirdness & Mutations

You cannot wear most types of armour.
You are amphibious.
You can wear up to eight rings at the same time.
Your skin changes colour to match your surroundings (Stealth+).
Your rubbery body absorbs attacks. (AC +1, EV +1)
((You are camouflaged when in or above water. (Stealth+)))
You have tentacles for arms and can constrict up to eight enemies at once.


Message History

You are splashed with acid!
* * * LOW HITPOINT WARNING * * *
The hound completely misses you.
You feel better. The hound bites you.
* * * LOW HITPOINT WARNING * * *
The jelly closely misses you.
Aiming: Polymorph
Press: ? - help, Shift-Dir - straight line, f - hound, p - jelly
Aim: a hound (will become a jelly, an adder, or a scorpion, chance to affect: 57%)
Okay, then.
Unknown command.
As you read the scroll of fear, it crumbles to dust.
You assume a fearsome visage.
The jelly looks frightened!
The hound looks frightened!
A worm comes into view.
You open the door.
An orc, Duvessa and Dowan come into view.
Found a book of Spectacle.
You close the door.
You open the door.
An ufetubus and an adder come into view.
Found a lumpy white potion, a cloak and 8 gold pieces.
There is an open door here.
There's nothing to close nearby.
The ufetubus completely misses you. The ufetubus hits you.
* * * LOW HITPOINT WARNING * * *
The ufetubus hits you.
* * * LOW HITPOINT WARNING * * *
The ufetubus hits you.
* * * LOW HITPOINT WARNING * * *
The adder hisses angrily.
Your magical contamination has completely faded away.
You puncture the adder!
The adder is poisoned.
You grab the adder.
The adder is heavily wounded.
You constrict the adder. The ufetubus hits you.
* * * LOW HITPOINT WARNING * * *
The ufetubus misses you. The adder bites you.
* * * LOW HITPOINT WARNING * * *
The ufetubus barely misses you. The ufetubus hits you.
You die...

#e...,,,*,,,,,,,*,,,
*#...,,***,,,,,***,,
####..,** **,,,** **,
##..##+#######+#######
######.#..................5
#.....##...................
#.####.#........w..........
#.# *#.###'#######'#######
#.# ####@5.#* **,,.#* ##.
#.# *#..S..#**,,,,.###..
#.######.!.....#,,,,,,.#...
#......#.......#,,,,,,,#...
###.#.##...[$..#,,,,,,,#...
#.#.###.....##*,,,,,*##..
#.#.# ##...## **,,,** ##.
#.#.######## ****** ##
#.........# *,*


You could see an adder (very poisoned) and an ufetubus.

Vanquished Creatures
  2 scorpions
  A hound (D:4)
  An orc priest (D:3)
  A hound zombie (D:3)
  6 adders
  An ufetubus (D:5)
  3 worms
  4 dart slugs
  10 orcs
  11 ball pythons
  12 endoplasms
  4 giant cockroaches
  8 hobgoblins
  7 kobolds
  2 quokkas
  4 bats
  4 frilled lizards (D:1)
  8 goblins
  A jackal zombie (D:3)
  3 rats
93 creatures vanquished.

Vanquished Creatures (others)
  5 plants (D:5)
5 creatures vanquished.

Grand Total: 98 creatures vanquished

Notes
Turn   | Place    | Note
-------+----------+-------------------------------------------
     0 | D:5      | croobank the Octopode Delver began the quest for the Orb.
     0 | D:5      | Reached XP level 1. HP: 16/16 MP: 1/1
    54 | D:5      | Noticed Eustachio
    61 | D:5      | Noticed a water moccasin
    86 | D:5      | Noticed a hound
    89 | D:5      | Noticed a jelly
   312 | D:5      | Noticed a hound
   334 | D:4      | Killed a hound
   335 | D:4      | Reached skill level 7 in Stealth
   335 | D:4      | Reached XP level 2. HP: 5/21 MP: 2/2
   335 | D:4      | Reached XP level 3. HP: 7/26 MP: 3/3
   756 | D:4      | Found a runed translucent gate.
   757 | D:4      | Found a runed translucent gate.
   758 | D:4      | Found a runed translucent gate.
   758 | D:4      | Noticed Taurus's ghost (amateur DECj)
   781 | D:4      | Identified the +4 rapier of Instant Death {venom, Dex+6}
   860 | D:3      | Noticed a scorpion
   865 | D:3      | Killed a scorpion
   866 | D:3      | Reached XP level 4. HP: 23/33 MP: 4/4
  1210 | D:3      | Reached XP level 5. HP: 37/37 MP: 5/5
  1243 | D:3      | Learned a level 3 spell: Mephitic Cloud
  1327 | D:3      | Learned a level 1 spell: Shock
  1778 | D:1      | Found a faded altar of an unknown god.
  3522 | D:3      | Reached XP level 6. HP: 43/43 MP: 6/6
  3799 | D:3      | Found a basalt altar of Yredelemnul.
  3928 | D:3      | Reached skill level 8 in Stealth
  4534 | D:5      | Found a shimmering altar of Xom.
  4754 | D:5      | Noticed Duvessa
  4754 | D:5      | Noticed Dowan
  4761 | D:5      | HP: 2/44 [adder (1)]
  4761 | D:5      | Slain by an ufetubus

Illustrated notes

Levels and vault maps discovered:
D:1:      dpeg_arrival_brainrot, layout_loops_corners,
          dreamdust_ecumenical_altar_angels_and_demons, serial_bayou_pond_d
D:2:      layout_loops_corners, minmay_quantized
D:3:      layout_basic, lemuel_zombie_altar_yredelemnul,
          hangedman_abyss_or_decor_lesser_grid, st_stairs_2, bh_walls_and_bars
D:4:      layout_basic, ebering_ghost_rock_garden
D:5:      kennysheep_six_static_rooms, layout_loops_ring,
          mainiacjoe_overflow_six_doors_small, minmay_temple_entry_overgrown,
          uniq_pikel, uniq_eustachio, uniq_duvessa

Skill      XL: |  1  2  3  4  5  6 |
---------------+-------------------+-----
Stealth        | 7 8 |  8.1
Dodging        | 3 |  3.8
Axes           | 3 |  3.7
Fighting       | 4 |  4.4

Action                   |  1- 3 |  4- 6 || total
-------------------------+-------+-------++-------
Melee: Hand axe          |    19 |       ||    19
       Constrict         |     6 |    21 ||    27
       Tentacles         |     6 |    12 ||    18
       Rapier            |     8 |   110 ||   118
       Punch             |       |     1 ||     1
 Cast: Shock             |       |     1 ||     1
Evoke: Wand              |     1 |       ||     1
  Use: Scroll            |     2 |     8 ||    10
       Potion            |     2 |     1 ||     3
 Stab: Sleeping          |     4 |    35 ||    39
Armor: Skin              |     2 |     5 ||     7
Dodge: Dodged            |    21 |    43 ||    64

Table legend: (Time is in decaauts)
 A = Elapsed time spent in this place.
 B = Non-inter-level travel time spent in this place.
 C = Inter-level travel time spent in this place.
 D = Time resting spent in this place.
 E = Time spent auto-exploring this place.
 F = Levels seen in this place.
 G = Mean time per level.
                   A        B        C        D        E       F      G
               +--------+--------+--------+--------+--------+-----+--------+
         Total |   4771 |   4631 |    140 |    798 |   2903 |   5 |  954.2 |
       Dungeon |   4771 |   4631 |    140 |    798 |   2903 |   5 |  954.2 |
               +--------+--------+--------+--------+--------+-----+--------+

Top non-repeatable levels by time:
     D:3: 1138 daAuts
     D:1: 1087 daAuts
     D:2: 1030 daAuts
     D:4: 958 daAuts
     D:5: 556 daAuts
